 Dungeon Crawl Stone Soup version 0.29-a0-422-gafbd6decc1 (webtiles) character file.

Game seed: 2189649391827249431

190559 Sobieck the Caregiver (level 17, 111/166 HPs)
             Began as a Deep Dwarf Fighter on Dec 3, 2021.
             Was a Believer of Elyvilon.
             Got out of the dungeon
             ... with 1 rune on May 18, 2022!
             The game lasted 02:36:57 (31409 turns).

Sobieck the Caregiver (Deep Dwarf Fighter)         Turns: 31409, Time: 02:36:58

Health: 111/166    AC: 35    Str: 30    XL:     17   Next: 54%
Magic:  10/10      EV:  4    Int: 11    God:    Elyvilon [**....]
Gold:   1949       SH: 26    Dex: 14    Spells: 22/22 levels left

rFire   + . .      SeeInvis .   a - +6 broad axe (vorpal) {axe}
rCold   . . .      Faith    .   N - +7 tower shield of Mental Paralysis {*Slow rPois rF+ rCorr}
rNeg    + . .      Spirit   .   g - +3 crystal plate armour {rare=g}
rPois   +          Reflect  .   l - +1 helmet
rElec   .          Harm     .   T - +2 cloak {rPois}
rCorr   +          Rampage  .   Q - +0 pair of gloves
Will    +++..                   z - +2 pair of boots
Stlth   ..........              t - amulet of the acrobat
HPRegen 0.00/turn               w - +6 ring of strength
MPRegen 0.12/turn               y - ring of willpower

@: no status effects
A: damage resistance, heal wounds, negative energy resistance 1, sense
surroundings 2, no regeneration
}: 1/15 runes: serpentine
a: Heal Wounds, Renounce Religion, Purification, Heal Other


You escaped.
You worshipped Elyvilon.
Elyvilon was pleased with you.
You visited 5 branches of the dungeon, and saw 28 of its levels.
You also visited: Gauntlet.

You collected 3843 gold pieces.
You spent 1894 gold pieces at shops.


Innate Abilities, Weirdness & Mutations

You are resistant to damage.
You can heal yourself by infusing magical energy.
You resist negative energy. (rN+)
You passively map the area around you.
You do not regenerate.


   Skills:
 - Level 14.0 Fighting
 - Level 16.0 Axes
 - Level 10.0 Throwing
 - Level 11.0 Armour
 - Level 15.0 Shields
 - Level 3.0 Spellcasting
 + Level 19.9 Invocations
 - Level 5.0 Evocations


You had 22 spell levels left.
You didn't know any spells.
Your spell library contained the following spells:

 Spells                   Type           Power      Damage    Failure   Level
 Animate Skeleton         Necr           2%         N/A       100%        1
 Apportation              Tloc           2%         N/A       100%        1
 Sandblast                Erth           2%         2d4       100%        1
 Summon Small Mammal      Summ           4%         N/A       100%        1
 Corpse Rot               Necr/Air       2%         N/A       100%        2
 Ensorcelled Hibernation  Hex/Ice        2%         N/A       100%        2
 Passwall                 Tmut/Erth      0%         N/A       100%        2
 Scorch                   Fire           2%         2d5       100%        2
 Dazzling Flash           Conj/Hex       2%         N/A       100%        3
 Ignite Poison            Fire/Tmut/Pois 1%         N/A       100%        3
 Mephitic Cloud           Conj/Pois/Air  1%         N/A       100%        3
 Stone Arrow              Conj/Erth      2%         3d7       100%        3
 Summon Guardian Golem    Hex/Summ       1%         N/A       100%        3
 Tukima's Dance           Hex            1%         N/A       100%        3
 Dispel Undead            Necr           1%         3d6       100%        4
 Flame Wave               Conj/Fire      1%         2d4       100%        4
 Iskenderun's Mystic Bla  Conj/Tloc      1%         2d3       100%        4
 Leda's Liquefaction      Hex/Erth       0%         N/A       100%        4
 Freezing Cloud           Conj/Ice/Air   0%         6-21      100%        5
 Lee's Rapid Deconstruct  Erth           0%         3d5*      100%        5
 Summon Forest            Summ/Tloc      0%         N/A       100%        5
 Death Channel            Necr           0%         N/A       100%        6
 Starburst                Conj/Fire      0%         6d3       100%        6
 Statue Form              Tmut/Erth      0%         N/A       100%        6
 Summon Cactus Giant      Summ           0%         N/A       100%        6
 Monstrous Menagerie      Summ           0%         N/A       100%        7

Inventory:

Hand Weapons
 a - a +6 vorpal broad axe (weapon) {axe}
   (You acquired it on level 2 of the Lair of Beasts)
 b - a +0 hand crossbow {crossbow}
   (You took it off a kobold on level 10 of the Dungeon)
 U - the +4 hand axe "Arbiter" {spect, rElec rC+ Int+3, axe}
   (You found it on level 3 of the Lair of Beasts)

   When its wielder attacks, the weapon's spirit leaps out and strikes again.
   The spirit shares a part of any damage it takes with its wielder.
   Int:       It affects your intelligence (+3).
   rC:        It protects you from cold.
   rElec:     It insulates you from electricity.
Missiles
 c - 3 throwing nets {=f!fthrowing}
 e - 40 poisoned darts {throwing}
 p - 2 silver javelins {throwing}
 q - 376 bolts
 G - 11 curare-tipped darts {=fthrowing}
 J - 8 atropa-tipped darts {throwing}
 M - 12 boomerangs {throwing}
 V - 8 javelins (quivered) {throwing}
Armour
 g - a +3 crystal plate armour (worn) {rare=g}
   (You bought it in a shop on level 5 of the Dungeon)
 l - a +1 helmet (worn)
   (You found it on level 1 of the Dungeon)
 u - a +0 troll leather armour
   (You found it on level 11 of the Dungeon)
 z - a +2 pair of boots (worn)
   (You found it on level 1 of the Lair of Beasts)
 N - the +7 tower shield of Mental Paralysis (worn) {*Slow rPois rF+ rCorr}
   (You bought it in a shop on level 5 of the Dungeon)

   rF:        It protects you from fire.
   rPois:     It protects you from poison.
   rCorr:     It protects you from acid and corrosion.
   *Slow:     It may slow you when you take damage.
 Q - a +0 pair of gloves (worn)
   (You found it on level 10 of the Dungeon)
 T - a +2 cloak of poison resistance (worn)
   (You took it off Maurice on level 1 of the Orcish Mines)
Jewellery
 o - a ring of protection from cold
   (You found it on level 11 of the Dungeon)
 t - an amulet of the acrobat (around neck)
   (You found it on level 3 of the Lair of Beasts)
 w - a +6 ring of strength (left hand)
   (You found it on level 4 of the Dungeon)
 y - a ring of willpower (right hand)
   (You found it in a Gauntlet)
 I - a ring of flight
   (You found it on level 8 of the Dungeon)
Wands
 k - a wand of iceblast (21)
   (You took it off Sonja on level 4 of the Lair of Beasts)
 s - a wand of mindburst (5)
   (You found it on level 6 of the Dungeon)
 x - a wand of charming (11)
   (You took it off Ijyb on level 5 of the Dungeon)
 A - a wand of flame (22)
   (You found it on level 11 of the Dungeon)
 B - a wand of acid (5)
   (You found it on level 9 of the Dungeon)
 Z - a wand of polymorph (3)
   (You found it on level 3 of the Snake Pit)
Scrolls
 f - a scroll of identify {@r1}
 i - a scroll of brand weapon {unknown}
 n - 5 scrolls of magic mapping {!r}
 r - 6 scrolls of fear
 v - 11 scrolls of teleportation {@r4}
 K - a scroll of immolation {!r!r}
 L - 2 scrolls of vulnerability {!r!r}
 R - a scroll of holy word
 S - 2 scrolls of silence {!r}
 X - a scroll of fog
Potions
 d - 9 potions of might
 h - a potion of berserk rage {!q}
 j - a potion of attraction {!q}
 m - a potion of resistance
 C - 2 potions of brilliance
 D - 6 potions of curing {@q1}
 E - a potion of ambrosia
 F - 2 potions of flight
 H - 3 potions of invisibility
 W - 4 potions of magic
 Y - 4 potions of mutation {!q}
Miscellaneous
 O - a phantom mirror
   (You found it on level 6 of the Lair of Beasts)

Dungeon Overview and Level Annotations

Branches:
Dungeon (15/15)            Temple (1/1) D:5            Lair (6/6) D:8
  Swamp (0/4) Lair:2        Snake (4/4) Lair:4        Slime (0/5) Lair:5
    Orc (2/2) D:12            Elf (0/3) Orc:2        Vaults (0/5) D:14
 Depths (0/4) D:15        Gauntlet (visited)

Altars:
Ashenzari
Cheibriados
Dithmenos
Elyvilon
Fedhas
Kikubaaqudgha
Makhleb
Nemelex Xobeh
Okawaru
Qazlal
Ru
Sif Muna
Trog
Uskayaw
Vehumet
Wu Jian
Xom
Yredelemnul
Zin

Shops:
D:3 :   D:5 *   D:8 !   D:10 *   Orc:2 ?   Snake:2 :   Snake:4 ([[

Annotations:
D:6 1 runed translucent door, Crazy Yiuf
D:11 2 transporters, sirJeffrey23's ghost, novice DsGl
Lair:5 3 runed translucent doors, Vainiore's ghost, journeyman VSTm
Orc:2 Saint Roka

♣......##.#.# #...#...........>..
♣#'######.#.# #...#.#.##...).....
♣♣.##.......# #...#......#'##....
.♣♣##.###.### #...###.##.#.##....
..♣##.# #.# #.......##.#..+....
.8♣.#.# #.# #...>...##.####....
._♣.#.# #.# #........#.#.......
.8♣.#.# #.# #...###..#.#.......
..♣.#.# #.# #.@.# #..#.#.......
..♣.#.# #.# #...# #..#.#.......
.♣♣.#.# #.###########.##.......#.
♣♣..#.# #..............#.......#.
♣...#.################.#.......#.
....'..................#.......#.
....#....#############.#.......#.
....#....#############...#######.
#####....#...............#######.


There were no monsters in sight!


Message History

You resist with almost no effort.
Unknown command.
You barely miss the death knight. You block the death knight's attack.
You barely miss the death knight.
The death knight hits you with a +0 morningstar.
You slice the death knight!!
You kill the death knight!
Unknown command.
You are healed.
You can no longer provide healing for yourself.
Unknown command.
Your magical essence is drained by the effort!
You feel much better.
You feel much better.
Unknown command.
Unknown command.
Things that are here:
a +0 morningstar {mace}; a +0 chain mail; a human corpse You see here a +0 longbow {bow}.
There is a stone staircase leading down, spattered with blood here. 🤖 Initializing magus.rc ...
Options error: Bad monster_list_colour key: strict_neutral (~/.crawlrc:4811) Bad channel name for runrest: 'pray:' ✅ Successfully initialized magus_sobieck.rc [v0.0.2] Welcome back, Sobieck the Deep Dwarf Fighter.
Elyvilon says: Go forth and aid the weak!
Press ? for a list of commands and other information.
(D) Dungeon (T) Temple (L) Lair (S) Swamp (P) Snake Pit (M) Slime Pits (O) Orcish Mines (E) Elven Halls (V) Vaults (U) Depths
Where to? (? - help)
What level of the Dungeon? (default 1, ? - help)
You see here a +0 shortbow {bow}.
There is a stone staircase leading up here.
You climb upwards.
There is a stone staircase leading down here.
As you open the door, it creaks loudly!
(D) Dungeon (T) Temple (L) Lair (S) Swamp (P) Snake Pit (M) Slime Pits (O) Orcish Mines (E) Elven Halls (V) Vaults (U) Depths
Where to? (Enter - D:1, ? - help)
What level of the Dungeon? (default 1, ? - help)
There is an open door here.
There is an open door here.
There is a stone staircase leading up here.
You climb upwards.
There is a stone staircase leading down here.
There is an open door here.
There is a stone staircase leading up here.
You climb upwards.
Level annotation: 2 transporters, sirJeffrey23's ghost, novice DsGl
There is a stone staircase leading down here.
u - a +0 troll leather armour
There is a stone staircase leading up here.
You climb upwards.
There is a stone staircase leading down here.
There is an entrance to Woomoj's Assorted Antiques here.
There is a stone staircase leading up here.
You climb upwards.
There is a stone staircase leading down here.
There is an open door here.
There is a stone staircase leading up here.
You climb upwards.
There is a stone staircase leading down here.
There is a stone staircase leading up here.
You climb upwards.
There is a stone staircase leading down here.
There is a stone staircase leading up here.
You climb upwards.
Level annotation: 1 runed translucent door, Crazy Yiuf
There is a stone staircase leading down here.
There is a stone staircase leading up, spattered with blood here.
You climb upwards.
There is a stone staircase leading down, spattered with blood here.
There is a stone staircase leading up here.
You climb upwards.
There is a stone staircase leading down here.
There is a stone staircase leading up here.
You see here a +0 scale mail.
You climb upwards.
There is a stone staircase leading down here.
There is a stone staircase leading up here.
You climb upwards.
There is a stone staircase leading down here.
There is a stone staircase leading up here.
You climb upwards.
There is a stone staircase leading down here.
(D) Dungeon (T) Temple (L) Lair (S) Swamp (P) Snake Pit (M) Slime Pits (O) Orcish Mines (E) Elven Halls (V) Vaults (U) Depths
Where to? (Enter - D:1, ? - help)
Okay, then.
You can't go up here!
You can't go up here!
Unknown command.
You see here a +0 hand axe {axe}.
There is a staircase leading out of the dungeon here.
There is a staircase leading out of the dungeon here.
Are you sure you want to leave the Dungeon?
This will make you lose the game!
You have escaped!

Skill      XL: |  1  2  3  4  5  6  7  8  9 10 11 12 13 14 15 16 17 |
---------------+----------------------------------------------------+-----
Fighting       | 3 4 5 6 7 8 9 11 12 13 14 | 14.0
Axes           | 3 4 5 6 9 11 12 13 14 15 16 | 16.0
Armour         | 4 5 6 9 10 11 | 11.0
Shields        | 4 7 13 15 | 15.0
Invocations    | 3 9 10 12 14 16 17 18 19 | 19.9
Evocations     | 1 5 |  5.0
Throwing       | 2 4 5 7 8 9 10 | 10.0
Spellcasting   | 3 |  3.0

Action                   |  1- 3 |  4- 6 |  7- 9 | 10-12 | 13-15 | 16-18 || total
-------------------------+-------+-------+-------+-------+-------+-------++-------
Melee: War axe           |   124 |    74 |   329 |   389 |   190 |       ||  1106
       Dagger            |       |    18 |       |       |       |       ||    18
       Broad axe         |       |       |       |       |  1089 |   707 ||  1796
       Hand axe          |       |       |       |       |    10 |    83 ||    93
 Fire: Hand crossbow     |       |       |       |       |   120 |     7 ||   127
Throw: Stone             |    63 |    28 |    43 |    41 |    49 |       ||   224
       Dart              |       |    46 |   100 |    54 |    68 |       ||   268
       Boomerang         |       |       |     3 |     4 |       |    67 ||    74
       Javelin           |       |       |       |       |     1 |     6 ||     7
Invok: Heal Self         |       |       |       |    13 |    55 |    19 ||    87
       Heal Other        |       |       |       |    10 |     9 |     2 ||    21
 Abil: Heal Wounds       |       |     1 |    13 |    17 |    29 |    30 ||    90
Evoke: Wand              |       |       |     1 |    15 |     2 |       ||    18
  Use: Scroll            |     3 |     7 |     4 |     5 |    23 |     3 ||    45
       Potion            |     1 |     1 |     1 |     5 |     4 |     9 ||    21
 Stab: Paralysed         |       |       |     2 |     2 |       |       ||     4
       Petrified         |       |       |       |       |     1 |       ||     1
       Distracted        |       |       |       |       |       |     2 ||     2
Armor: Scale mail        |    50 |    34 |       |       |       |       ||    84
       Plate armour      |       |    14 |   175 |   121 |       |       ||   310
       Chain mail        |       |       |       |    75 |   108 |       ||   183
       Crystal plate arm |       |       |       |       |   767 |   340 ||  1107
Dodge: Dodged            |    52 |    28 |    99 |   136 |   263 |    90 ||   668
Block: Buckler           |    26 |    17 |    64 |    88 |   150 |       ||   345
       Tower shield      |       |       |       |       |   820 |   967 ||  1787

Levels and vault maps discovered:
D:1:      amcnicky_arrival_blooded_trapdoor, layout_basic,
          shapermc_ecumenical_altar_totnotflames, chequers_jeans
D:2:      layout_basic
D:3:      layout_loops_cross, tgw_kikubaaqudgha, serial_shops,
          nicolae_shop_window_shopping
D:4:      layout_rooms, hangedman_abyss_or_decor_lesser_grid
D:5:      layout_rooms, mainiacjoe_overflow_cross_hatched,
          minmay_temple_entry_large_hall, minmay_shop_mass, uniq_blork_the_orc,
          uniq_ijyb
D:6:      layout_cave_pools, nicolae_overflow_hidden_temple,
          kennysheep_flooded_box, serial_park_tiny_pond, st_stairs_11,
          roderic_batcave, hangedman_abyss_or_decor_stagger, minmay_pentangle,
          uniq_crazy_yiuf_cottage, uniq_duvessa, uniq_sigmund
D:7:      layout_basic
D:8:      layout_cave_pods, nemelex_diamond_rough_becter,
          lemuel_coloured_pillars_altar, david_lair_shrubbed, serial_shops,
          nicolae_square_shop
D:9:      layout_roguey, zin_statuary, mainiacjoe_overflow_alcove_1,
          roderic_lattice_a, hellmonk_guarded_unrand_dark_maul, uniq_joseph
D:10:     layout_roguey, mainiacjoe_overflow_catwalk, serial_shops,
          nicolae_shop_overgrown_old_shop
D:11:     minmay_bloctagon_deflated, layout_irregular_city,
          gammafunk_ghost_wrathful_warriors, kennysheep_cross_bottleneck
D:12:     layout_roguey, david_orc_2
D:13:     layout_roguey, gauntlet_entry_generic, uniq_jorgrun
D:14:     layout_grid_maze, erik_vaults_2, minmay_door_square
D:15:     gammafunk_depths_entry_grave, layout_cross
Temple:   nicolae_temple_great_sept
Lair:1:   layout_concentric_octagons, serial_bayou_shore_b, grunt_megastairs_3
Lair:2:   layout_regular_city, skrybe_swamp_entry_bodies, grunt_megastairs_4,
          lemuel_fruit_fields
Lair:3:   lemuel_slime, layout_long_grid, grunt_megastairs_5,
          infiniplex_staircase_pool, serial_bayou_shore_b
Lair:4:   layout_regular_city, minmay_snake_entry_six_corridors,
          grunt_megastairs_2, serial_bayou_shore_b, uniq_rupert, uniq_sonja
Lair:5:   layout_cave_pods, nicolae_slime_entry_slimehenge,
          gammafunk_ghost_hydra_chop, nicolae_lair_lindhole,
          serial_bayou_shore_a
Lair:6:   gammafunk_lair_ancient_temple, layout_cave_pods
Snake:1:  layout_onion, uniq_aizul
Snake:2:  layout_layer_cave, serial_shops, nicolae_shop_stone
Snake:3:  layout_layer_cave
Snake:4:  hellmonk_snake_rune_quicksilver_temple, layout_cave_town,
          library_closet, minmay_shop_star, uniq_vashnia
Orc:1:    layout_caves
Orc:2:    st_orc_mages, layout_caves, serial_shops,
          nicolae_shop_competitors_out_of_business, uniq_saint_roka,
          uniq_maurice

Notes
Turn   | Place    | Note
-------+----------+-------------------------------------------
     0 | D:1      | Sobieck the Deep Dwarf Fighter began the quest for the Orb.
     0 | D:1      | Reached XP level 1. HP: 20/20 MP: 1/1
    59 | D:1      | You pick up a book of Geomancy and begin reading...
    59 | D:1      | You add the spells Sandblast, Passwall and Stone Arrow to
                  | your library.
   136 | D:1      | Reached XP level 2. HP: 24/27 MP: 2/2
   467 | D:1      | Reached skill level 3 in Fighting
   515 | D:1      | Found a faded altar of an unknown god.
   758 | D:1      | Reached XP level 3. HP: 24/34 MP: 3/3
   823 | D:2      | Reached skill level 3 in Axes
  1407 | D:2      | Reached skill level 4 in Armour
  1793 | D:3      | Found Ownengist's Book Emporium.
  1901 | D:3      | Found an ancient bone altar of Kikubaaqudgha.
  1902 | D:3      | Noticed a human
  1906 | D:3      | Killed a human
  2011 | D:3      | Reached XP level 4. HP: 36/42 MP: 4/4
  2392 | D:4      | You pick up a book of Decay and begin reading...
  2392 | D:4      | You add the spells Corpse Rot, Dispel Undead and Death
                  | Channel to your library.
  2635 | D:4      | Noticed an ogre
  2659 | D:3      | Killed an ogre
  2660 | D:3      | Reached skill level 4 in Fighting
  2660 | D:3      | Reached skill level 4 in Axes
  2660 | D:3      | Reached skill level 5 in Armour
  2660 | D:3      | Reached XP level 5. HP: 40/50 MP: 5/5
  2717 | D:4      | Noticed a black bear
  2729 | D:4      | Killed a black bear
  2730 | D:4      | Reached XP level 6. HP: 46/57 MP: 6/6
  2923 | D:4      | Reached skill level 4 in Shields
  3146 | D:5      | Entered Level 5 of the Dungeon
  3156 | D:5      | Reached skill level 5 in Fighting
  3156 | D:5      | Reached skill level 5 in Axes
  3156 | D:5      | Reached XP level 7. HP: 49/67 MP: 7/7
  3175 | D:5      | Noticed Blork the orc
  3245 | D:5      | Killed Blork the orc
  3300 | D:5      | Found the ring of Shadows {Umbra +Inv Stlth+}
  3352 | D:5      | Reached skill level 6 in Axes
  3396 | D:5      | Found a staircase to the Ecumenical Temple.
  3405 | Temple   | Entered the Ecumenical Temple
  3442 | Temple   | Became a worshipper of Elyvilon the Healer
  3582 | D:5      | Reached skill level 6 in Fighting
  3672 | D:5      | Noticed Ijyb
  3701 | D:5      | Killed Ijyb
  3702 | D:5      | Reached skill level 1 in Invocations
  3705 | D:5      | Found Gicwy's Mass Market.
  3740 | D:5      | Found a radiant altar of Vehumet.
  3760 | D:5      | Reached skill level 2 in Invocations
  3884 | D:5      | Reached skill level 3 in Invocations
  4017 | D:5      | Reached XP level 8. HP: 50/70 MP: 8/8
  4029 | D:6      | Reached skill level 4 in Invocations
  4234 | D:6      | Noticed Sigmund
  4257 | D:5      | Reached skill level 5 in Invocations
  4397 | D:6      | Noticed Duvessa
  4414 | D:6      | Killed Duvessa
  4415 | D:6      | Reached skill level 6 in Invocations
  4415 | D:6      | Noticed Dowan
  4426 | D:6      | Killed Dowan
  4458 | D:6      | Found a broken altar of Ashenzari.
  4476 | D:6      | You pick up a book of Spectacle and begin reading...
  4476 | D:6      | You add the spells Dazzling Flash, Iskenderun's Mystic
                  | Blast and Starburst to your library.
  4580 | D:6      | Reached skill level 7 in Invocations
  4661 | D:6      | Reached * piety under Elyvilon
  4830 | D:6      | Killed Sigmund
  4831 | D:6      | Reached skill level 8 in Invocations
  5178 | D:6      | Reached skill level 9 in Invocations
  5183 | D:6      | Reached skill level 1 in Evocations
  5201 | D:6      | Gained mutation: You passively map the area around you.
                  | [Deep Dwarf growth]
  5201 | D:6      | Reached XP level 9. HP: 62/82 MP: 12/12
  5281 | D:6      | Found a runed translucent door.
  5282 | D:6      | Noticed Crazy Yiuf
  5362 | D:6      | Reached skill level 2 in Evocations
  5417 | D:6      | Found a stormy altar of Qazlal.
  5640 | D:7      | Identified the +2 leather armour of Keydugou {rCorr}
  5811 | D:7      | Reached skill level 7 in Axes
  5872 | D:7      | Reached skill level 3 in Evocations
  5993 | D:7      | Reached ** piety under Elyvilon
  6251 | D:7      | Noticed a manticore
  6264 | D:7      | Killed a manticore
  6265 | D:7      | Reached skill level 8 in Axes
  6265 | D:7      | Reached skill level 10 in Invocations
  6265 | D:7      | Reached skill level 4 in Evocations
  6493 | D:8      | Found a sparkling altar of Nemelex Xobeh.
  6560 | D:7      | Reached skill level 7 in Fighting
  6650 | D:8      | You add the spells Ignite Poison, Mephitic Cloud and
                  | Freezing Cloud to your library.
  6703 | D:8      | Found a staircase to the Lair.
  6703 | D:8      | Noticed a komodo dragon
  6726 | D:8      | Found an iron altar of Okawaru.
  6740 | D:8      | Killed a komodo dragon
  6741 | D:8      | Reached skill level 5 in Evocations
  7061 | D:8      | Found Hucomes's Distillery.
  7076 | D:8      | Reached *** piety under Elyvilon
  7221 | D:8      | Reached skill level 9 in Axes
  7310 | D:8      | Reached XP level 10. HP: 84/94 MP: 14/14
  7472 | D:9      | Found a glowing silver altar of Zin.
  7505 | D:9      | Noticed a two-headed ogre
  7527 | D:9      | Killed a two-headed ogre
  7555 | D:9      | Noticed a two-headed ogre
  7569 | D:9      | Killed a two-headed ogre
  7570 | D:9      | Reached skill level 8 in Fighting
  7570 | D:9      | Reached skill level 10 in Axes
  7623 | D:9      | Noticed a two-headed ogre
  7623 | D:9      | a two-headed ogre comes into view. It is wielding the +10
                  | dark maul {vorpal} and a +0 giant spiked club.
  7624 | D:9      | Aim: a two-headed ogre, wielding the +10 dark maul {vorpal}
                  | and a +0 giant spiked club (chance to affect: 43%)
  7624 | D:9      | Aim: a two-headed ogre, wielding the +10 dark maul {vorpal}
                  | and a +0 giant spiked club (chance to affect: 43%)
  7625 | D:9      | Aim: a two-headed ogre, wielding the +10 dark maul {vorpal}
                  | and a +0 giant spiked club (chance to affect: 43%)
  7625 | D:9      | Aim: a two-headed ogre, wielding the +10 dark maul {vorpal}
                  | and a +0 giant spiked club (chance to affect: 43%)
  7626 | D:9      | Aim: a two-headed ogre, wielding the +10 dark maul {vorpal}
                  | and a +0 giant spiked club (umbra, chance to affect: 69%)
  7626 | D:9      | Aim: a two-headed ogre, wielding the +10 dark maul {vorpal}
                  | and a +0 giant spiked club (umbra, chance to affect: 69%)
  7627 | D:9      | Aim: a two-headed ogre, wielding the +10 dark maul {vorpal}
                  | and a +0 giant spiked club (moderately wounded, umbra,
                  | chance to affect: 69%)
  7627 | D:9      | Aim: a two-headed ogre, wielding the +10 dark maul {vorpal}
                  | and a +0 giant spiked club (moderately wounded, umbra,
                  | chance to affect: 69%)
  7628 | D:9      | Aim: a two-headed ogre, wielding the +10 dark maul {vorpal}
                  | and a +0 giant spiked club (heavily wounded, umbra, chance
                  | to affect: 69%)
  7628 | D:9      | Aim: a two-headed ogre, wielding the +10 dark maul {vorpal}
                  | and a +0 giant spiked club (heavily wounded, umbra, chance
                  | to affect: 69%)
  7632 | D:9      | Aim: a two-headed ogre, wielding the +10 dark maul {vorpal}
                  | and a +0 giant spiked club (heavily wounded, umbra, 65% to
                  | hit)
  7632 | D:9      | Aim: a two-headed ogre, wielding the +10 dark maul {vorpal}
                  | and a +0 giant spiked club (heavily wounded, umbra, 65% to
                  | hit)
  7638 | D:9      | Aim: a two-headed ogre, wielding the +10 dark maul {vorpal}
                  | and a +0 giant spiked club (severely wounded, poisoned,
                  | slow, umbra, chance to affect: 69%)
  7638 | D:9      | Aim: a two-headed ogre, wielding the +10 dark maul {vorpal}
                  | and a +0 giant spiked club (severely wounded, poisoned,
                  | slow, umbra, chance to affect: 69%)
  7639 | D:9      | Aim: a two-headed ogre, wielding the +10 dark maul {vorpal}
                  | and a +0 giant spiked club (severely wounded, poisoned,
                  | slow, umbra, chance to affect: 69%)
  7639 | D:9      | Aim: a two-headed ogre, wielding the +10 dark maul {vorpal}
                  | and a +0 giant spiked club (severely wounded, poisoned,
                  | slow, umbra, chance to affect: 69%)
  7639 | D:9      | Killed a two-headed ogre
  7640 | D:9      | Reached skill level 1 in Throwing
  7772 | D:9      | Found a bloodstained altar of Trog.
  7889 | D:9      | Noticed a two-headed ogre
  7961 | D:9      | HP: 20/96 [two-headed ogre (20)]
  8105 | Lair:1   | Entered Level 1 of the Lair of Beasts
  8180 | Lair:1   | You pick up a book of Maledictions and begin reading...
  8180 | Lair:1   | You add the spells Ensorcelled Hibernation and Tukima's
                  | Dance to your library.
  8207 | Lair:1   | Reached skill level 2 in Throwing
  8596 | Lair:1   | Reached skill level 11 in Axes
  8596 | Lair:1   | Reached skill level 6 in Armour
  8596 | Lair:1   | Reached XP level 11. HP: 83/104 MP: 15/15
  9002 | Lair:2   | Noticed a seven-headed hydra
  9009 | Lair:1   | Pacified a seven-headed hydra
  9010 | Lair:1   | Reached skill level 3 in Throwing
  9010 | Lair:1   | Reached skill level 11 in Invocations
  9296 | Lair:2   | Found a staircase to the Swamp.
  9387 | Lair:2   | Noticed a bog body
  9394 | Lair:2   | HP: 19/104 [bog body/bolt of cold (11)]
  9395 | Lair:2   | Elyvilon protects you from harm!
  9556 | Lair:2   | You fall into a shaft and drop 2 floors!
  9556 | Lair:4   | Found a staircase to the Snake Pit.
  9564 | Lair:4   | Reached skill level 9 in Fighting
  9564 | Lair:4   | Reached skill level 12 in Axes
  9572 | Lair:4   | Reached skill level 4 in Throwing
  9587 | Lair:4   | Noticed a seven-headed hydra
  9592 | Lair:4   | Pacified a seven-headed hydra
  9610 | Lair:5   | HP: 23/106 [wyvern (10)]
  9622 | Lair:5   | HP: 25/106 [rime drake/flash freeze (12)]
  9625 | Lair:5   | Reached skill level 12 in Invocations
  9661 | Lair:4   | Reached XP level 12. HP: 81/115 MP: 14/14
  9704 | Lair:4   | Reached skill level 13 in Axes
  9719 | Lair:4   | Noticed Sonja
  9727 | Lair:4   | Killed Sonja
  9728 | Lair:4   | Reached skill level 5 in Throwing
  9984 | Lair:4   | Noticed a seven-headed hydra
  9985 | Lair:4   | Pacified a seven-headed hydra
  9986 | Lair:4   | Reached skill level 10 in Fighting
 10007 | Lair:4   | Reached skill level 13 in Invocations
 10405 | Lair:4   | Noticed Rupert
 10413 | Lair:4   | Killed Rupert
 10470 | Lair:3   | Noticed an eight-headed hydra
 10471 | Lair:3   | Pacified an eight-headed hydra
 10473 | Lair:3   | Noticed a catoblepas
 10693 | Lair:3   | Pacified a catoblepas
 10694 | Lair:3   | Reached skill level 14 in Invocations
 10749 | Lair:4   | Reached skill level 11 in Fighting
 10841 | Lair:3   | Noticed an eight-headed hydra
 10842 | Lair:3   | Pacified an eight-headed hydra
 10857 | Lair:3   | Killed an eight-headed hydra
 11212 | Lair:2   | Reached XP level 13. HP: 87/127 MP: 16/16
 11765 | Lair:2   | Identified a scroll of acquirement
 11766 | Lair:2   | Acquired a +1 vorpal broad axe
 12429 | D:9      | Noticed Joseph
 12430 | D:9      | Pacified Joseph
 12431 | D:9      | Reached skill level 7 in Armour
 12550 | D:10     | Entered Level 10 of the Dungeon
 12556 | D:10     | Found Woomoj's Assorted Antiques.
 12632 | D:10     | Found an ornate altar of the Wu Jian Council.
 12820 | D:10     | Reached skill level 14 in Axes
 12822 | D:10     | Reached skill level 6 in Throwing
 13828 | D:11     | Reached skill level 15 in Invocations
 13957 | D:5      | Bought a +0 crystal plate armour for 1040 gold pieces
 13965 | D:5      | g - a +0 crystal plate armour {rare=g}
 13976 | D:5      | You finish putting on your +0 crystal plate armour
                  | {rare=g}.
 13977 | D:5      | your +0 crystal plate armour {rare=g} glows green for a
                  | moment.
 13978 | D:5      | your +1 crystal plate armour {rare=g} glows green for a
                  | moment.
 14405 | D:11     | Found a transporter.
 14486 | D:11     | Noticed sirJeffrey23's ghost (novice DsGl)
 14490 | D:11     | Found a transporter.
 14520 | D:11     | Reached skill level 8 in Armour
 14544 | D:11     | Found a bloodstained altar of Trog.
 14916 | D:12     | You fall into a shaft and drop 3 floors!
 14916 | D:15     | Entered Level 15 of the Dungeon
 14916 | D:15     | Found a staircase to the Depths.
 14924 | D:15     | HP: 31/128 [juggernaut skeleton (5)]
 14929 | D:15     | HP: 20/128 [centaur/arrow[a centaur warrior] (5)]
 15035 | D:13     | your +2 crystal plate armour {rare=g} glows green for a
                  | moment.
 15075 | D:13     | Found a gate leading to a gauntlet.
 15107 | Gauntlet | Entered a Gauntlet
 15107 | Gauntlet | Found a transporter.
 15107 | Gauntlet | Found a transporter.
 15109 | Gauntlet | Found a transporter.
 15111 | Gauntlet | Found a transporter.
 15113 | Gauntlet | Found a transporter.
 15118 | Gauntlet | Found a transporter.
 15122 | Gauntlet | Found a transporter.
 15135 | Gauntlet | Found a transporter.
 15136 | Gauntlet | Found a transporter.
 15138 | Gauntlet | Found a transporter.
 15151 | Gauntlet | Found a transporter.
 15152 | Gauntlet | Found a transporter.
 15163 | Gauntlet | Reached **** piety under Elyvilon
 15255 | Gauntlet | HP: 30/128 [catoblepas (11)]
 15262 | Gauntlet | Reached skill level 12 in Fighting
 15262 | Gauntlet | Reached skill level 7 in Throwing
 15339 | Gauntlet | Identified the +1 hat of Quantum Leap {rCorr}
 15373 | Gauntlet | Identified the +5 flail of the Slashing Sybil {vorpal,
                  | rPois rF- Will++}
 15373 | Gauntlet | Noticed a minotaur
 15391 | Gauntlet | Killed a minotaur
 15517 | D:13     | Reached skill level 9 in Armour
 15663 | D:13     | Reached skill level 16 in Invocations
 15675 | D:13     | Gained mutation: You resist negative energy. (rN+) [Deep
                  | Dwarf growth]
 15675 | D:13     | Reached XP level 14. HP: 94/138 MP: 15/18
 15904 | D:12     | Found a staircase to the Orcish Mines.
 16704 | D:13     | Noticed Jorgrun
 16739 | D:13     | HP: 30/138 [centaur warrior/arrow (11)]
 16750 | D:13     | HP: 27/138 [centaur warrior/arrow (3)]
 17257 | Lair:3   | Identified the +4 hand axe "Arbiter" {spect, rElec rC+
                  | Int+3}
 18035 | Lair:5   | Found a staircase to the Slime Pits.
 18491 | Lair:5   | Found a runed translucent gate.
 18491 | Lair:5   | Found a runed translucent gate.
 18492 | Lair:5   | Found a runed translucent gate.
 18492 | Lair:5   | Noticed Vainiore's ghost (journeyman VSTm)
 19036 | Lair:6   | Entered Level 6 of the Lair of Beasts
 19505 | Orc:1    | Entered Level 1 of the Orcish Mines
 19728 | Orc:2    | Entered Level 2 of the Orcish Mines
 19760 | Orc:2    | Noticed Maurice
 19805 | Orc:1    | Killed Maurice
 19828 | Orc:1    | Reached skill level 15 in Axes
 19916 | Orc:2    | Found a staircase to the Elven Halls.
 20206 | D:5      | Bought the +7 tower shield of Mental Paralysis {*Slow rPois
                  | rF+ rCorr} for 750 gold pieces
 20724 | Orc:2    | Reached skill level 10 in Armour
 21105 | Orc:2    | Found Ynor's Magic Scroll Shop.
 21122 | Orc:2    | Bought a scroll of enchant weapon for 82 gold pieces
 21123 | Orc:2    | Bought a scroll of identify for 22 gold pieces
 21220 | Orc:2    | Noticed Saint Roka
 21595 | Lair:6   | Reached skill level 8 in Throwing
 21898 | Lair:6   | Reached skill level 17 in Invocations
 21898 | Lair:6   | Reached XP level 15. HP: 67/146 MP: 19/19
 21911 | Lair:6   | Reached skill level 5 in Shields
 22434 | Lair:6   | Acquired 1240 gold pieces
 22922 | Snake:1  | Entered Level 1 of the Snake Pit
 22992 | Snake:1  | Reached skill level 16 in Axes
 23224 | Snake:1  | Noticed Aizul
 23230 | Snake:1  | Pacified Aizul
 23254 | Snake:1  | You fall into a shaft and drop 1 floor!
 23256 | Snake:2  | Noticed a nagaraja
 23261 | Snake:2  | Killed a nagaraja
 23349 | Snake:1  | Reached skill level 13 in Fighting
 23349 | Snake:1  | Reached skill level 6 in Shields
 23599 | Snake:1  | Reached skill level 11 in Armour
 24099 | Snake:2  | Reached skill level 9 in Throwing
 24251 | Snake:2  | HP: 32/148 [shock serpent/bolt of electricity (22)]
 24256 | Snake:2  | Reached skill level 7 in Shields
 24294 | Snake:2  | Found Lawofav's Book Boutique.
 24478 | Snake:2  | Reached skill level 18 in Invocations
 25324 | Snake:3  | Noticed a nagaraja
 25482 | Snake:3  | Reached XP level 16. HP: 117/157 MP: 18/18
 25574 | Snake:3  | HP: 39/157 [constriction (1)]
 25657 | Snake:3  | You add the spells Summon Guardian Golem, Summon Forest and
                  | Monstrous Menagerie to your library.
 25657 | Snake:3  | Got the Compendium of Supportive Curses
 25797 | Snake:3  | Reached skill level 8 in Shields
 26656 | Snake:4  | Entered Level 4 of the Snake Pit
 26668 | Snake:3  | Upgraded the game from 0.28-a0-984-g3775c662fe to
                  | 0.28-a0-991-g956f0ee3d5
 26715 | Snake:3  | Reached skill level 10 in Throwing
 26837 | Snake:3  | Upgraded the game from 0.28-a0-991-g956f0ee3d5 to
                  | 0.28-a0-998-gb9e9c7b67e
 27020 | Snake:4  | Reached skill level 14 in Fighting
 27026 | Snake:4  | Reached skill level 9 in Shields
 27116 | Snake:4  | Reached skill level 19 in Invocations
 27269 | Snake:4  | Found Babut's Antique Weapon Emporium.
 27272 | Snake:4  | Found Gextanuq's Antique Armour Shoppe.
 27274 | Snake:4  | Found Xiokaj's Armour Emporium.
 27358 | Snake:4  | Noticed Vashnia
 27441 | Snake:4  | Reached skill level 10 in Shields
 27474 | Snake:4  | Killed Vashnia
 27548 | Snake:4  | Reached skill level 11 in Shields
 27617 | Snake:4  | You pick up a book of Scorching and begin reading...
 27617 | Snake:4  | You add the spells Scorch, Flame Wave and Summon Cactus
                  | Giant to your library.
 27620 | Snake:4  | You pick up a book of Cantrips and begin reading...
 27620 | Snake:4  | You add the spells Animate Skeleton, Summon Small Mammal
                  | and Apportation to your library.
 27883 | Snake:4  | Reached skill level 12 in Shields
 28283 | Snake:4  | Reached skill level 13 in Shields
 28488 | Snake:3  | Reached XP level 17. HP: 102/166 MP: 13/13
 28592 | Snake:4  | HP: 39/166 [naga warrior (11)]
 28777 | Snake:4  | Noticed a quicksilver dragon
 28797 | Snake:4  | Killed a quicksilver dragon
 28810 | Snake:4  | Noticed a quicksilver dragon
 28822 | Snake:4  | Killed a quicksilver dragon
 28824 | Snake:4  | quicksilver dragon scales {rare}; a quicksilver dragon
                  | corpse
 28824 | Snake:4  | u - quicksilver dragon scales {rare}
 28872 | Snake:4  | Got a serpentine rune of Zot
 29291 | D:13     | Killed Jorgrun
 29292 | D:13     | Reached skill level 14 in Shields
 29455 | D:13     | You pick up a book of the Earth and begin reading...
 29455 | D:13     | You add the spells Leda's Liquefaction, Lee's Rapid
                  | Deconstruction and Statue Form to your library.
 29976 | D:14     | Found a gate to the Vaults.
 30192 | D:14     | Reached skill level 15 in Shields
 30230 | D:14     | Reached skill level 1 in Spellcasting
 30549 | D:14     | You drop quicksilver dragon scales {rare}.
 30840 | D:14     | Reached skill level 2 in Spellcasting
 30876 | D:15     | HP: 34/166 [skeletal warrior[a skeletal warrior] (14)]
 31077 | D:14     | Reached skill level 3 in Spellcasting
 31160 | D:14     | HP: 39/166 [death knight (12)]
 31181 | D:14     | Upgraded the game from 0.28-a0-998-gb9e9c7b67e to
                  | 0.29-a0-422-gafbd6decc1
 31409 | D:$      | Got out of the dungeon!

Vanquished Creatures
  Vashnia (Snake:4)
  Jorgrun (D:13)
  Rupert (Lair:4)
  2 quicksilver dragons (Snake:4)
  6 nagarajas
  A juggernaut skeleton (D:15)
  A minotaur (Gauntlet)
  A rakshasa (D:14)
  11 naga warriors
  2 hydras
  3 salamander tyrants (Snake:4)
  An ogre mage (D:13)
  2 catoblepae
  10 anacondas
  3 boulder beetles
  8 vault guards
  3 centaur warriors
  15 two-headed ogres
  3 death knights
  An orc high priest (Orc:2)
  A tengu warrior (D:14)
  A shock serpent (shapeshifter) (D:13)
  18 naga sharpshooters
  11 shock serpents
  Sonja (Lair:4)
  3 salamander mystics
  A sixfirhy (Gauntlet)
  4 skeletal warriors (D:14)
  3 sea snakes (Lair:6)
  A bog body (Lair:2)
  A flayed ghost (D:14)
  3 lindwurms
  4 naga ritualists
  3 orc knights
  5 mana vipers
  2 harpies (Lair:6)
  A deep elf pyromancer (D:11)
  7 orc sorcerers
  17 salamanders
  5 cyclopes
  11 ugly things
  4 manticores
  18 elephants
  8 guardian serpents
  Maurice (Orc:1)
  42 black mambas
  4 gargoyles
  3 torpor snails
  18 naga magi
  16 cane toads
  A kobold demonologist (D:14)
  An unseen horror (shapeshifter) (D:15)
  12 komodo dragons
  3 unseen horrors
  4 freezing wraiths (D:11)
  3 rime drakes
  5 efreet
  A yaktaur (D:14)
  7 trolls
  A wolf spider simulacrum (D:14)
  3 meliai (Gauntlet)
  7 slime creatures
  3 polar bears
  12 blink frogs
  2 vampires
  2 wraiths
  Sigmund (D:6)
  5 wyverns
  A shadow (D:10)
  A tarantella (shapeshifter) (D:15)
  41 yaks
  6 basilisks
  2 steam dragons
  3 wargs
  36 nagas
  Duvessa (D:6)
  17 water moccasins
  2 ice beasts
  4 black bears
  25 orc warriors
  9 ogres
  5 boggarts (D:14)
  3 wolves
  2 phantoms (D:6)
  5 centaurs
  4 kobold brigands
  Blork the orc (D:5)
  9 bullfrogs
  A gnoll sergeant (D:12)
  3 scorpions
  A wyvern skeleton (D:7)
  A water moccasin skeleton (D:7)
  Dowan (D:6)
  17 wights
  An electric eel (Lair:3)
  2 howler monkeys
  2 centaur zombies
  12 jellies
  17 orc priests
  A hound (D:5)
  A bullfrog skeleton (D:5)
  A centaur skeleton (D:7)
  Ijyb (D:5)
  3 iguanas
  26 orc wizards
  5 hell rats
  A killer bee zombie (D:7)
  A howler monkey zombie (D:9)
  14 gnolls
  8 adders
  5 ufetubi
  2 dart slugs
  3 worms
  67 orcs
  29 endoplasms
  2 goblins
  6 hobgoblins
  5 jackals
  13 kobolds
  3 quokkas
  7 ball pythons
  13 bats
  3 frilled lizards
  5 rats
826 creatures vanquished.

Vanquished Creatures (others)
  A hydra (Lair:3)
  A naga sharpshooter (Snake:2)
  A naga ritualist (Snake:2)
  A necromancer (D:15)
  An ugly thing (D:14)
  A hornet (Lair:6)
  2 yaks (Lair:3)
  A naga (Snake:4)
  A human (D:3)
  2 hell rats (Lair:3)
  A demonic plant (Gauntlet)
  66 fungi
  90 plants
  A withered plant (D:15)
170 creatures vanquished.

Grand Total: 996 creatures vanquished

Table legend:
 A = Non-vault XP
 B = Vault XP
 C = Vault XP percentage of total XP
 D = Non-vault monster count
 E = Vault monster count
 F = Vault count percentage of total count
                 A         B        C        D         E       F
            +---------+---------+-------+---------+---------+-------
      Total |  173305 |   73754 |  29.9 |     617 |     212 |  25.6
            +---------+---------+-------+---------+---------+-------
        D:1 |      41 |       0 |   0.0 |      23 |       0 |   0.0
        D:2 |      36 |       0 |   0.0 |      19 |       0 |   0.0
        D:3 |     224 |       0 |   0.0 |      17 |       0 |   0.0
        D:4 |     503 |       0 |   0.0 |      15 |       0 |   0.0
        D:5 |     540 |     132 |  19.6 |      10 |       2 |  16.7
        D:6 |     509 |    1003 |  66.3 |      19 |      16 |  45.7
        D:7 |    1652 |       0 |   0.0 |      32 |       0 |   0.0
        D:8 |     626 |     367 |  37.0 |       9 |       1 |  10.0
        D:9 |    1431 |    2701 |  65.4 |      20 |       5 |  20.0
       D:10 |    2681 |     189 |   6.6 |      28 |       1 |   3.4
       D:11 |    5872 |    1462 |  19.9 |      12 |       5 |  29.4
       D:12 |    5374 |      18 |   0.3 |      20 |       6 |  23.1
       D:13 |    9555 |    4527 |  32.1 |      17 |       4 |  19.0
       D:14 |   21313 |    6528 |  23.4 |      42 |       8 |  16.0
       D:15 |     586 |    1120 |  65.7 |       2 |       1 |  33.3
     Lair:1 |    3605 |     397 |   9.9 |      15 |       1 |   6.2
     Lair:2 |    4584 |    3970 |  46.4 |      17 |       8 |  32.0
     Lair:3 |    2277 |    1099 |  32.6 |      12 |      25 |  67.6
     Lair:4 |    7042 |    6892 |  49.5 |      23 |      20 |  46.5
     Lair:5 |    4022 |    1410 |  26.0 |      15 |       8 |  34.8
     Lair:6 |   14777 |    8449 |  36.4 |      46 |      19 |  29.2
    Snake:1 |   12928 |       0 |   0.0 |      28 |       0 |   0.0
    Snake:2 |   22215 |       0 |   0.0 |      43 |       0 |   0.0
    Snake:3 |   16434 |       0 |   0.0 |      31 |       0 |   0.0
    Snake:4 |   28469 |   24081 |  45.8 |      54 |      26 |  32.5
      Orc:1 |    3892 |     872 |  18.3 |      30 |       5 |  14.3
      Orc:2 |    2117 |    4641 |  68.7 |      18 |      41 |  69.5
   Gauntlet |       0 |    3896 | 100.0 |       0 |      10 | 100.0
            +---------+---------+-------+---------+---------+-------

Illustrated notes

Table legend:
 A = Kills in this place as a percentage of kills in entire the game.
 B = Kills by you in this place as a percentage of kills by you in the entire game.
 C = Kills by friends in this place as a percentage of kills by friends in the entire game.
 D = Other kills in this place as a percentage of other kills in the entire game.
 E = Experience gained in this place as a percentage of experience gained in the entire game.
 F = Experience gained in this place divided by the number of levels of this place that you have seen.
                   A       B       C       D       E      F
               +-------+-------+-------+-------+-------+----------------------
         Total | 100.0 | 100.0 |   N/A | 100.0 | 100.0 | 8519.3
       Dungeon |  40.3 |  40.4 |   N/A |   0.0 |  27.9 | 4599.3
          Lair |  25.2 |  25.3 |   N/A |   0.0 |  23.7 | 9754.0
     Snake Pit |  22.0 |  21.7 |   N/A | 100.0 |  42.1 | 26031.8
  Orcish Mines |  11.3 |  11.4 |   N/A |   0.0 |   4.7 | 5761.0
      Gauntlet |   1.2 |   1.2 |   N/A |   0.0 |   1.6 | 3896.0
               +-------+-------+-------+-------+-------+----------------------

Table legend: (Time is in decaauts)
 A = Elapsed time spent in this place.
 B = Non-inter-level travel time spent in this place.
 C = Inter-level travel time spent in this place.
 D = Time resting spent in this place.
 E = Time spent auto-exploring this place.
 F = Levels seen in this place.
 G = Mean time per level.
                   A        B        C        D        E       F      G
               +--------+--------+--------+--------+--------+-----+--------+
         Total |  31752 |  28775 |   2977 |   2014 |  12123 |  29 | 1094.9 |
       Dungeon |  15949 |  14018 |   1931 |    981 |   6220 |  15 | 1063.3 |
        Temple |     48 |     37 |     11 |      0 |     26 |   1 |   48.0 |
          Lair |   7771 |   7047 |    724 |    493 |   3636 |   6 | 1295.2 |
     Snake Pit |   6148 |   5909 |    239 |    352 |   1877 |   4 | 1537.0 |
  Orcish Mines |   1542 |   1472 |     70 |    188 |    363 |   2 |  771.0 |
      Gauntlet |    292 |    292 |      0 |      0 |      0 |   1 |  292.0 |
               +--------+--------+--------+--------+--------+-----+--------+

Top non-repeatable levels by time:
 Snake:4: 2139 daAuts
  Lair:6: 1664 daAuts
 Snake:2: 1539 daAuts
     D:6: 1537 daAuts
     D:8: 1520 daAuts
  Lair:4: 1422 daAuts
 Snake:3: 1402 daAuts
    D:14: 1377 daAuts
    D:11: 1335 daAuts
     D:9: 1325 daAuts
  Lair:2: 1317 daAuts
  Lair:1: 1235 daAuts
    D:13: 1158 daAuts
  Lair:5: 1106 daAuts
     D:5: 1091 daAuts
